 Dungeon Crawl Stone Soup version 0.30-a0-920-g7493c07aab (webtiles) character file.

Game seed: 15074722607075358150

15 tilp the Shield-Bearer (level 2, 0/22 (26) HPs)
             Began as a Meteoran Fighter on Mar 21, 2023.
             Succumbed to an orc's poison
             ... on level 2 of the Dungeon.
             The game lasted 00:01:08 (190 turns).

tilp the Shield-Bearer (Meteoran Fighter)            Turns: 190, Time: 00:01:08

HP:   0/22 (26)     AC:  6    Str: 17    XL:     2   Next: 88%
MP:   3/3           EV:  9    Int:  9    God:
Gold: 18            SH:  5    Dex: 13    Spells: 1/1 levels left

rFire   . . .      SeeInvis .    a - +0 long sword
rCold   . . .      Faith    .    c - +0 buckler
rNeg    . . .      Spirit   .    f - +0 scale mail
rPois   .          Reflect  .    (no helmet)
rElec   .          Rampage  .    (no cloak)
rCorr   .                        (no gloves)
Will    +....                    (no boots) Stlth
                                 (no amulet)
HPRegen 0.23/turn                h - ring of willpower
MPRegen 0.08/turn                (no ring)

@: lethally poisoned (0 -> -11), glowing, heavily drained
A: sense surroundings 1, otherworldly, glowing, explore regen
a: no special abilities


You were on level 2 of the Dungeon.
You visited 1 branch of the dungeon, and saw 3 of its levels.

You collected 18 gold pieces.

Inventory:

Hand Weapons
 a - a +0 long sword (weapon)
 b - a +0 short sword of draining
Missiles
 g - 3 stones (quivered)
Armour
 c - a +0 buckler (worn)
 f - a +0 scale mail (worn)
Jewellery
 h - a ring of willpower (left hand)
Scrolls
 e - a scroll of magic mapping {unknown}
Potions
 d - a potion of might


   Skills:
 + Level 3.5 Fighting
 * Level 3.1 Long Blades
 - Level 3.6 Armour
 + Level 1.0 Dodging
 - Level 3.6 Shields


You had one spell level left.
You didn't know any spells.
Your spell library was empty.

Dungeon Overview and Level Annotations

Branches:
Dungeon (3/15) Zot: 1595

Altars:


Innate Abilities, Weirdness & Mutations

You passively map a small area around you.
You are easily found by Zot.
You glow in the dark.
You regain HP and MP as you explore.


Message History

Unknown command.
Unknown command.
Unknown command.
Unknown command. 3 orcs come into view.
An orc is wielding a +0 short sword of venom.
Found a scroll labelled OSMUL XIRUHYNE.
The orc shouts! x3
An orc priest comes into view. It is wielding a +0 dagger.
A goblin comes into view. It is wielding a +0 club.
The orc moves out of view.
You start waiting.
HP restored.
You start waiting.
An orc is nearby!
The orc hits you but does no damage.
The orc hits you with a +0 short sword of venom.
You are poisoned.
There is a stone staircase leading up here.
HP restored.
You feel sick.
The goblin shouts!
You hear a shout! x2
The orc hits you but does no damage.
You are more poisoned.
The orc hits you but does no damage.
You climb upwards.
You feel very sick.
There is a stone staircase leading down here.
You feel very sick. The orc hits you but does no damage.
You are lethally poisoned!
The orc attacks as you move away! The orc hits you but does no damage.
* * * LOW HITPOINT WARNING * * *
You feel very sick.
You slash the orc!
You kill the orc!
* * * LOW HITPOINT WARNING * * *
You feel very sick.
You hit the orc.
The orc is heavily wounded.
You die...

, #..# , *, #.#..#
** #.#..# * ,,*
#### #.#..##** , ,
..# #.#>.. . , #.#
#.#.[# #.# , # *
#)###.#†.#...# *
#.#####)....#....#*
,
#.@o>.#.....<.#...#
** #.###.###.###.##
*.# #....## ##....#
##### * ,###.# *
#.# #.# * , ..# *
,,.## *


You could see an orc.

Vanquished Creatures
  An orc (D:2)
  2 giant cockroaches
  A goblin (D:2)
  A hobgoblin (D:1)
  4 kobolds
  A quokka (D:1)
  A frilled lizard (D:2)
  A rat (D:1)
12 creatures vanquished.

Notes
Turn   | Place    | Note
-------+----------+-------------------------------------------
     0 | D:1      | tilp the Meteoran Fighter began the quest for the Orb.
     0 | D:1      | Reached XP level 1. HP: 19/19 MP: 2/2
    97 | D:1      | Reached XP level 2. HP: 19/21 MP: 3/3
   169 | D:2      | Reached skill level 1 in Dodging
   190 | D:2      | Succumbed to an orc's poison

Illustrated notes

Levels and vault maps discovered:
D:1:      wander_arrival_peaceful_grave, layout_loops_ring
D:2:      layout_loops_ring, dk_noncrumbling_4, uniq_crazy_yiuf_cottage
D:3:      layout_rooms, jmf_multi_god_temple, zin_academy

Skill      XL: |  1  2 |
---------------+-------+-----
Long Blades    | 3 |  3.1
Dodging        | 1 |  1.0
Fighting       | |  3.5
Armour         | |  3.6
Shields        | |  3.6

Action                     || total
---------------------------++-------
  Melee: Long sword        ||    50
  Throw: Stone             ||     2
 Armour: Scale mail        ||    30
  Dodge: Dodged            ||    19
  Block: Buckler           ||    20

Table legend: (Time is in decaauts)
 A = Elapsed time spent in this place.
 B = Non-inter-level travel time spent in this place.
 C = Inter-level travel time spent in this place.
 D = Time resting spent in this place.
 E = Time spent auto-exploring this place.
 F = Levels seen in this place.
 G = Mean time per level.
                   A        B        C        D        E       F      G
               +--------+--------+--------+--------+--------+-----+--------+
         Total |    204 |    204 |      0 |      4 |      0 |   3 |   68.0 |
       Dungeon |    204 |    204 |      0 |      4 |      0 |   3 |   68.0 |
               +--------+--------+--------+--------+--------+-----+--------+

Top non-repeatable levels by time:
     D:1: 154 daAuts
     D:2: 41 daAuts
     D:3: 8 daAuts
